 Dungeon Crawl Stone Soup version 0.22.1-5-g62c59d919a (webtiles) character file.

82 Riddle the Skirmisher (level 4, -6/38 HPs)
             Began as a Mummy Chaos Knight on Jan 14, 2019.
             Mangled by a troll (12 damage)
             ... on level 2 of the Dungeon.
             The game lasted 00:02:45 (1630 turns).

Riddle the Skirmisher (Mummy Chaos Knight)          Turns: 1630, Time: 00:02:45

Health: -6/38      AC:  5    Str: 16    XL:     4   Next: 21%
Magic:  4/4        EV: 11    Int: 11    God:    Xom [*.....]
Gold:   116        SH:  0    Dex: 11    Spells: 3/3 levels left

rFire    x . .     SeeInvis .   a - +0 mace (chaos)
rCold    + . .     Gourm    .   (no shield)
rNeg     + + +     Faith    .   b - +2 leather armour
rPois    ∞         Spirit   .   (no helmet)
rElec    .         Reflect  .   (no cloak)
rCorr    .         Harm     .   (no gloves)
MR       .....                  (no boots)
Stlth    +.........             (no amulet)
HPRegen  0.12/turn              e - ring of positive energy
MPRegen  0.09/turn              (no ring)

@: no status effects
A: no food or potions, fire vulnerability, cold resistance 1, negative energy
resistance 3, torment resistance, unbreathing
a: Renounce Religion


You were on level 2 of the Dungeon.
You worshipped Xom.
You were a special plaything of Xom.
You were not hungry.

You visited 1 branch of the dungeon, and saw 2 of its levels.

You collected 116 gold pieces.

Inventory:

Hand Weapons
 a - a +0 mace of chaos (weapon)
Armour
 b - a +2 leather armour (worn)
Jewellery
 e - a ring of positive energy (left hand)
Wands
 f - a wand of iceblast (11)
Scrolls
 c - 3 scrolls of teleportation {unknown}
 d - a scroll of enchant armour {unknown}
 g - 2 scrolls of identify {unknown}


   Skills:
 + Level 4.9 Fighting
 - Level 2.5 Maces & Flails
 - Level 1.7 Armour
 - Level 0.7 Dodging


You had 3 spell levels left.
You didn't know any spells.
Your spell library was empty.

Dungeon Overview and Level Annotations

Branches:
Dungeon (2/15)

Altars:


Innate Abilities, Weirdness & Mutations

You do not eat or drink.
Your flesh is vulnerable to fire.
You are immune to poison.
Your flesh is cold resistant. (rC+)
You are immune to negative energy. (rN+++)
You are immune to unholy pain and torment.
You can survive without breathing.


Message History

There is an open door here.
Xom guffaws.
You radiate an aura of cold.
The troll seems to slow down.
Xom decides to shift things around a little.
The troll blinks!
You see here a short sword.
The troll is no longer moving slowly.
There is an open door here.
You see here a hobgoblin corpse.
There is a stone staircase leading up here.
You climb upwards.
There is a stone staircase leading down here.
You start resting. "Fight to survive, mortal."
There are monsters nearby!
You climb downwards.
The troll bites you!
* * * LOW HITPOINT WARNING * * *
The troll claws you but does no damage. The troll claws you!
You die...
Xom guffaws!

#.##.####
#.##.T..##
#>##.##..#
####.##..##§##
#..)..T####..#
#..#####.###.##
#.######..##..#
#T#........##.#
#.#.@...♣...'.# #
#.#T.......####
###### #.######..##
.....# #..#####†##
.###.# #..T...#'#
.#
#.########..###)..#
.# #..[........#
##### .#
###########.# .##
#.#


You could see a troll.

Vanquished Creatures
  2 adders (D:2)
  3 worms (D:2)
  A dart slug (D:1)
  4 leopard geckos
  6 bats
  A giant cockroach (D:1)
  5 goblins
  4 hobgoblins
  8 jackals
  3 frilled lizards (D:1)
  9 kobolds
  A rat (D:1)
47 creatures vanquished.

Notes
Turn   | Place    | Note
-------+----------+-------------------------------------------
     0 | D:1      | Riddle the Mummy Chaos Knight began the quest for the Orb.
     0 | D:1      | Reached XP level 1. HP: 18/18 MP: 1/1
   155 | D:1      | Reached XP level 2. HP: 24/24 MP: 2/2
   250 | D:1      | XOM: potion effect (invisibility)
   259 | D:1      | XOM: harmless Summ miscast
   318 | D:1      | XOM: silly message
   388 | D:1      | Reached skill level 4 in Fighting
   419 | D:1      | XOM: harmless Tloc miscast
   664 | D:2      | Reached XP level 3. HP: 30/30 MP: 3/3
   693 | D:2      | HP: 1/30 [something (9)]
  1329 | D:2      | XOM: 3-stop teleportation journey
  1407 | D:2      | Reached XP level 4. HP: 36/38 MP: 4/4
  1544 | D:2      | Noticed a sky beast
  1558 | D:2      | Noticed a troll
  1558 | D:2      | XOM: polymorph something unseen -> troll
  1588 | D:2      | XOM: cast spell 'Metabolic Englaciation'
  1593 | D:2      | XOM: blink monster(s)
  1628 | D:1      | XOM: summons 2 hostile demons
  1630 | D:2      | Mangled by a troll

Skill      XL: |  1  2 |
---------------+-------+-----
Fighting       | 4 |  4.9
Maces & Flails | |  2.5
Armour         | |  1.7
Dodging        | |  0.7

Action                   |  1- 3 |  4- 6 || total
-------------------------+-------+-------++-------
Melee: Mace              |   102 |    30 ||   132
 Stab: Paralysed         |     1 |       ||     1
Armor: Leather armour    |    36 |    16 ||    52
Dodge: Dodged            |    74 |    18 ||    92
